 Dungeon Crawl Stone Soup version 0.31-a0-801-gc67433417a (webtiles) character file.

Game seed: 14001640068666170308

11 GordonOverkill the Sneak (level 2, 0/19 HPs)
             Began as a Deep Elf Delver on Sept 20, 2023.
             Slain by an elf zombie (5 damage)
             ... in an ossuary.
             The game lasted 00:00:52 (132 turns).

GordonOverkill the Sneak (Deep Elf Delver)           Turns: 132, Time: 00:00:54

Health: 0/19       AC:  3    Str:  9    XL:     2   Next: 13%
Magic:  4/4        EV: 12    Int: 14    God:
Gold:   11         SH:  0    Dex: 16    Spells: 1/1 levels left

rFire   . . .        a - +0 short sword
rCold   . . .        (no shield)
rNeg    . . .        b - +0 leather armour
rPois   .            (no helmet)
rElec   .            (no cloak)
rCorr   .            (no gloves)
SInv    .            (no boots)
Will    .....        (no amulet)
Stlth   +++          (no ring)
HPRegen 0.23/turn    (no ring)
MPRegen 0.09/turn

%: no passive effects
@: no status effects
A: no striking features
a: no special abilities


You were in an ossuary.
You visited 1 branch of the dungeon, and saw 2 of its levels.
You also visited: Ossuary.

You collected 11 gold pieces.

Inventory:

Hand Weapons
 a - a +0 short sword (weapon)
Armour
 b - a +0 leather armour (worn)
Wands
 g - a wand of digging (3)
Scrolls
 c - a scroll of fog
 d - a scroll of revelation
 e - a scroll of fear
Potions
 f - a potion of haste


   Skills:
 - Level 3.0 Fighting
 + Level 2.1 Short Blades
 - Level 2.4 Dodging
 - Level 6.0 Stealth


You had one spell level left.
You didn't know any spells.
Your spell library was empty.

Dungeon Overview and Level Annotations

Branches:
Dungeon (5/15)             Temple (0/1) D:5         Ossuary (1/1)

Altars:


Message History

Your Fighting skill increases to level 3!
You need to enable at least one skill for training.
You have reached level 2!
The goblin zombie attacks as it pursues you!
The goblin zombie closely misses you.
The goblin zombie hits you but does no damage.
You hit the goblin zombie.
The goblin zombie is lightly damaged.
The elf zombie closely misses you. The goblin zombie closely misses you.
You hit the goblin zombie but do no damage.
The goblin zombie is lightly damaged.
The elf zombie barely misses you.
You hit the elf zombie.
The elf zombie is lightly damaged.
The goblin zombie hits you but does no damage.
You hit the elf zombie.
The elf zombie is lightly damaged.
The elf zombie hits you.
* * * LOW HITPOINT WARNING * * *
The goblin zombie hits you but does no damage.
You hit the elf zombie.
The elf zombie is lightly damaged.
The elf zombie barely misses you. The goblin zombie closely misses you.
You barely miss the elf zombie.
The elf zombie is lightly damaged.
You hit the elf zombie.
The elf zombie is lightly damaged.
The elf zombie hits you.
* * * LOW HITPOINT WARNING * * *
The goblin zombie closely misses you.
You hit the elf zombie.
The elf zombie is lightly damaged.
The elf zombie hits you.
* * * LOW HITPOINT WARNING * * *
The goblin zombie hits you but does no damage.
You hit the elf zombie.
The elf zombie is moderately damaged.
The elf zombie attacks as it pursues you!
The elf zombie hits you.
You die...

#...#
#....#
#...#
#....#
#..##
##..##
#..#
..#
#∩.#
..#
#..#
..#
#Z.#
#∩Z#
#.@#
#..#
#...
#...#
#...#
#....
#....
#.....


You could see a goblin zombie and an elf zombie.

Vanquished Creatures
  2 adder zombies (Ossuary)
  A goblin zombie (Ossuary)
  A hobgoblin zombie (Ossuary)
  2 jackal zombies
  A rat zombie (Ossuary)
7 creatures vanquished.

Notes
Turn   | Place    | Note
-------+----------+-------------------------------------------
     0 | D:5      | GordonOverkill the Deep Elf Delver began the quest for the
                  | Orb.
     0 | D:5      | Reached XP level 1. HP: 13/13 MP: 3/3
     8 | D:5      | Found a staircase to the Ecumenical Temple.
    28 | D:4      | Found a sand-covered staircase.
    33 | Ossuary  | Entered an ossuary
   110 | Ossuary  | Reached XP level 2. HP: 6/19 MP: 4/4
   132 | Ossuary  | Slain by an elf zombie

Illustrated notes

Levels and vault maps discovered:
D:4:      layout_loops_corners, serial_demonic, serial_demonic_f,
          serial_demonic_c, serial_demonic_d, serial_demonic_a, enter_ossuary_3
D:5:      layout_basic, minmay_temple_entry_wispy, minmay_shop_damaged,
          item_on_display_a
Ossuary:  minmay_ossuary_two_tombs

Skill      XL: |  1 |
---------------+----+-----
Fighting       | 3 |  3.0
Short Blades   | |  2.1
Dodging        | |  2.4
Stealth        | |  6.0

Action                     || total
---------------------------++-------
  Melee: Short sword       ||    42
   Stab: Sleeping          ||     1
 Armour: Leather armour    ||    24
  Dodge: Dodged            ||    26

Table legend: (Time is in decaauts)
 A = Elapsed time spent in this place.
 B = Non-inter-level travel time spent in this place.
 C = Inter-level travel time spent in this place.
 D = Time resting spent in this place.
 E = Time spent auto-exploring this place.
 F = Levels seen in this place.
 G = Mean time per level.
                   A        B        C        D        E       F      G
               +--------+--------+--------+--------+--------+-----+--------+
         Total |    127 |    127 |      0 |      2 |      0 |   3 |   42.3 |
       Dungeon |     32 |     32 |      0 |      2 |      0 |   2 |   16.0 |
       Ossuary |     94 |     94 |      0 |      0 |      0 |   1 |   94.0 |
               +--------+--------+--------+--------+--------+-----+--------+

Top non-repeatable levels by time:
 Ossuary: 94 daAuts
     D:4: 16 daAuts
     D:5: 16 daAuts
